Map: Pillars of Gold LE

Players

Vanya

  • Race: Zerg Zerg
  • League: Grandmaster
  • Spawn Location: 1:00

DnS - Winner!

  • Race: Protoss Protoss
  • Spawn Location: 7:00

Event: DreamHack SC2 Masters 2020 Summer Europe

VOD

Have the link to the VOD?

Description

Time

  • Played on: June 28, 2020, 12:37 p.m.
  • Length: 10:24

All games in this series

Show
View Real Time Build Order
Export as new Build Order

Vanya Zerg 

Build Orders: Hatch First 

Get SALT Encoding   

  12  0:00  Drone  
  13  0:13  Overlord  
  13  0:17  Drone  
  14  0:31  Drone x2  
  16  0:45  Drone  
  17  0:54  Hatchery  
  17  0:56  Drone  
  17  1:00  Drone  
  18  1:10  Extractor  
  17  1:15  Spawning Pool  
  16  1:18  Drone  
  16  1:21  Drone  
  18  1:28  Drone  
  19  1:39  Drone  
  20  1:52  Overlord  
  20  2:02  Queen  
  20  2:05  Queen  
  20  2:06  Zergling x4  
  26  2:11  Drone  
  26  2:12  Metabolic Boost  
  27  2:17  Drone  
  28  2:23  Drone  
  29  2:38  Hatchery  
  28  2:45  Drone  
  28  2:46  Drone  
  30  2:51  Queen  
  30  2:56  Overlord  
  32  2:59  Zergling x2  
  32  3:01  Zergling x2  
  32  3:03  Drone  
  35  3:06  Drone  
  36  3:16  Drone x2  
  36  3:19  Drone  
  39  3:22  Overlord  
  39  3:24  Drone x3  
  42  3:32  Spore Crawler  
  42  3:33  Drone x2  
  43  3:40  Drone  
  44  3:43  Queen  
  44  3:47  Drone x3  
  48  3:54  Spore Crawler  
  47  3:59  Zergling x10  
  50  4:07  Drone x4  
  54  4:13  Overlord  
  54  4:16  Roach Warren  
  53  4:17  Extractor  
  53  4:23  Drone x4  
  56  4:26  Drone  
  56  4:30  Overlord  
  57  4:37  Overlord  
  57  4:51  Evolution Chamber  
  52  4:55  Roach  
  52  4:56  Roach x8  
  65  5:02  Roach x2  
  64  5:09  Zergling x10  
  64  5:14  Zergling x4  
  71  5:24  Zergling x2  
  71  5:25  Zergling x8  
  76  5:31  Zergling x2  
  77  5:37  Zergling x2  
  77  5:38  Zergling x2  
  77  5:40  Zergling x2  
  77  5:41  Ravager x2  
  81  5:48  Ravager x2  
  81  5:49  Overlord  
  81  5:56  Drone x2  
  82  5:58  Overlord  
  82  6:02  Drone x3  
  82  6:09  Drone x2  
  82  6:10  Queen  
  82  6:11  Lair  
  86  6:12  Drone x2  
  87  6:19  Drone  
  87  6:23  Drone x2  
  87  6:25  Evolution Chamber, Extractor  
  88  6:27  Drone  
  88  6:31  Drone  
  90  6:36  Drone  
  91  6:41  Drone  
  91  6:42  Extractor x3  
  91  6:45  Drone  
  91  6:46  Drone  
  91  6:51  Overlord  
  91  6:52  Drone  
  92  6:55  Drone  
  92  7:01  Drone  
  94  7:08  Drone x2  
  96  7:11  Glial Reconstitution, Zerg Missile Weapons Level 1  
  96  7:12  Drone  
  97  7:27  Spore Crawler  
  97  7:29  Roach x6  
  103  7:42  Drone x5  
  105  7:50  Queen  
  104  7:52  Drone  
  103  7:59  Queen  
  103  8:04  Overlord x5  
  103  8:11  Overlord  
  100  8:14  Overlord  
  100  8:26  Roach x7  
  114  8:28  Ravager x3, Spire  
  116  8:35  Drone x4  
  122  8:41  Roach x2  
  124  8:50  Roach x3  
  124  8:52  Ravager x3  
  124  8:53  Ravager x3  
  136  9:00  Hatchery, Roach x5  
  137  9:15  Roach  
  137  9:16  Roach x5  
  130  9:20  Ravager  
  130  9:21  Ravager  
  130  9:22  Zergling x2  
  130  9:23  Roach, Zergling x2  
  119  9:24  Queen  
  119  9:30  Roach x2  
  118  9:38  Roach  
  114  9:42  Roach, Zergling x2  
  110  9:45  Ravager  
  110  9:46  Ravager x4  
  110  9:47  Roach  
  110  9:51  Roach x2  
Show
View Real Time Build Order
Export as new Build Order

DnS Protoss - Winner!

Build Orders: 1 Gate Expand, Oracle Opening, Archon Immortal 

Get SALT Encoding   

  12  0:00  Probe  
  13  0:12  Probe  
  14  0:19  Pylon  
  14  0:24  Probe  
  15  0:33  Probe  
  15  0:41  Gateway  
  15  0:42  Probe  
  17  0:52  Assimilator  
  17  0:53  Probe  
  18  1:06  Probe  
  19  1:18  Probe  
  20  1:31  Nexus  
  20  1:40  Cybernetics Core  
  20  1:43  Probe  
  21  1:53  Assimilator  
  21  1:55  Probe  
  21  2:00  Pylon  
  22  2:07  Probe  
  22  2:08  Adept  
  23  2:15  Probe  
  26  2:23  Probe, Warp Gate  
  27  2:34  Stargate, Probe  
  27  2:35  Stalker  
  28  2:43  Probe  
  29  2:48  Probe  
  32  2:55  Probe  
  33  3:00  Probe  
  34  3:07  Probe  
  34  3:09  Adept, Oracle  
  34  3:12  Probe  
  38  3:19  Probe  
  42  3:24  Probe  
  43  3:27  Gateway  
  43  3:31  Pylon  
  43  3:32  Probe  
  44  3:36  Probe  
  44  3:39  Oracle  
  45  3:43  Assimilator  
  45  3:44  Assimilator  
  45  3:52  Probe x2  
  50  4:04  Probe, Robotics Facility  
  50  4:07  Probe  
  52  4:16  Probe, Twilight Council, Pylon  
  53  4:19  Probe  
  54  4:34  Probe x2  
  56  4:41  Gateway  
  56  4:42  Gateway  
  56  4:46  Gateway  
  56  4:48  Gateway  
  56  4:50  Zealot x2  
  60  4:55  Warp Prism  
  58  5:00  Charge  
  56  5:12  Templar Archives  
  55  5:14  Probe  
  55  5:16  Pylon, Zealot  
  55  5:17  Zealot  
  59  5:31  Immortal  
  59  5:32  Pylon  
  63  5:45  Shield Battery  
  63  5:47  Sentry x3, Pylon  
  63  5:49  Stalker  
  68  5:53  Sentry  
  68  5:56  Stalker  
  70  5:57  Immortal  
  70  6:05  Oracle  
  77  6:17  Shield Battery  
  77  6:22  Pylon  
  77  6:23  Pylon  
  77  6:24  Shield Battery  
  77  6:25  Pylon  
  77  6:28  Pylon  
  77  6:36  Immortal  
  77  6:45  Zealot  
  77  6:46  Zealot x3  
  89  6:49  Probe  
  90  7:01  Nexus  
  90  7:05  Pylon  
  90  7:12  High Templar x3  
  90  7:13  High Templar  
  98  7:18  Archon x2  
  98  7:20  Probe x2  
  100  7:26  Zealot x2  
  104  7:34  Gateway  
  104  7:36  Gateway  
  96  7:45  High Templar x2, Zealot  
  96  7:46  Zealot  
  96  7:47  Zealot x2  
  96  7:49  Archon  
  104  7:58  Immortal, Pylon, Probe x2  
  106  7:59  Pylon  
  107  8:18  High Templar x2  
  107  8:19  Zealot  
  113  8:20  Zealot  
  113  8:22  Shield Battery  
  113  8:25  Archon  
  115  8:29  Zealot x2  
  115  8:30  Observer  
  119  8:38  Zealot x2  
  124  8:44  Pylon  
  124  8:56  Zealot x4  
  124  8:57  Zealot x2  
  136  9:05  Zealot  
  89  9:32  High Templar x4, Zealot x2  
  89  9:33  Zealot x2  
  89  9:37  Archon  
  89  9:38  Archon  
  101  9:54  Zealot x4  
  89  10:14  Zealot  
  89  10:15  Zealot x4  
Tags
 
Add a new tag
Caveats
  • Supply blocks, unpowered buildings, or Contaminate may cause inaccurate times.
  • Supply counts are checked every 10 seconds.